[Event "Early-Titled-Tuesday-Blitz-June-18-2024"]
[Site "Chess.com"]
[Date "2024.06.18"]
[Round "3"]
[White "penguingm1"]
[Black "Mikhail_Bryakin"]
[Result "0-1"]
[WhiteElo "2953"]
[BlackElo "2755"]
[TimeControl "180+1"]
[EndTime "8:31:01 PDT"]
[Termination "Mikhail_Bryakin won by resignation"]

1. d4 Nf6 2. Nf3 g6 3. Nbd2 d5 4. b4 Bg7 5. e3 a5 6. b5 c5 7. bxc6 bxc6 8. Ba3 Ba6 9. c4 O-O 10. Be2 Nbd7 11. O-O dxc4 12. Nxc4 Nd5 13. Qd2 Bb5 14. Rab1 Nb4 15. Rfc1 c5 16. dxc5 Nxc5 17. Bxb4 axb4 18. Qxb4 Bxc4 19. Qxc4 Ne6 20. Qb3 Qa5 21. Bc4 Nc5 22. Qc2 e6 23. h4 Bf6 24. h5 Kg7 25.
Nd4 Qa4 26. Qe2 Rab8 27. Bb5 Qa3 28. Qf3 Bxd4 29. exd4 Qxf3 30. gxf3 Nb7 31. hxg6 hxg6 32. a4 Nd6 33. Bc6 Rxb1 34. Rxb1 Rc8 35. Rb6 Nc4 36. Ra6 Rd8 37. Ra7 Rxd4 38. a5 Rd1+ 39. Kg2 Ra1 40. a6 Kf6 41. f4 g5 42. fxg5+ Kxg5 43. Bb5 Nd6 44. Be2 Kf6 45. Rd7 Ke5 46. Rc7 f5 47. Rc5+ Kd4 48. Rc6 Kd5 49. Bf3+ Ne4 50. Rb6 Ke5 51. Be2 Nc5 52. Bc4 Ra4 53. Bb5 Ra5 54.
Be2 Ra2 55. Bf1 Ne4 56. Kg1 Nc5 57. Rb5 Kd6 58. Rb1 Ke5 59. Re1+ Kf6 60. Re3 Nxa6 61. Rxe6+ Kxe6 62. Bc4+ Ke5 63. Bxa2 Nc5 64. Bb1 f4 65. Kg2 Nb3 66. Bd3 Nd4 67. f3 Nc6 68. Kf2 Kd4 69.
Be4 Nb4 70. Bf5 Kc3 71. Ke2 Nc2 72. Be4 Nd4+ 73. Kf2 Kd2 74. Bd5 Nc2 75. Be4 Ne3 76.
Bc6 Nd1+ 77. Kf1 Ke3 78. Kg2 Nc3 79. Bb7 Ne2 80. Ba8 Nd4 81. Bb7 Nf5 82. Kh3 Nd6 83.
Kg2 Nxb7 0-1

[Event "Early-Titled-Tuesday-Blitz-June-18-2024"]
[Site "Chess.com"]
[Date "2024.06.18"]
[Round "3"]
[White "betta2004"]
[Black "Harry_Rakkel"]
[Result "1-0"]
[WhiteElo "2486"]
[BlackElo "2657"]
[TimeControl "180+1"]
[EndTime "8:31:02 PDT"]
[Termination "betta2004 won on time"]

1. Nf3 c5 2. b3 Nc6 3. Bb2 d6 4. e4 Nf6 5. e5 Nxe5 6. Nxe5 dxe5 7. Bxe5 e6 8. Qf3 Qd5 9. Qxd5 Nxd5 10. Bb2 Bd7 11.
Nc3 Bc6 12. O-O-O O-O-O 13. Nxd5 Rxd5 14. f3 h5 15. Bd3 h4 16. Be4 Rg5 17. Bxc6 bxc6 18.
Rhg1 Bd6 19. h3 Bh2 20. Rh1 Rxg2 21. Bxg7 Rxg7 22. Rxh2 Rg3 23. Rf1 Rh5 24. f4 Rf5 25.
Kd1 Kc7 26. Ke2 Kb6 27. a4 Ka5 28. c3 Rd5 29. Rb1 Rdd3 30. b4+ cxb4 31. Rxb4 Rdf3 32. f5 Rxf5 33. Rxh4 Rg1 34. Kd3 Rd5+ 35. Kc2 f5 36. Rb4 e5 37. h4 Rg7 38. h5 Rh7 39. h6 f4 40. Re4 Kb6 41. Rh5 Kc7 42. Rhxe5 Rxe5 43. Rxe5 Rxh6 44. Rf5 Rh4 45. d4 Kb6 46. Kb3 Rg4 47. Kc4 Kc7 48. Kc5 Kd7 49. Rf7+ Ke6 50. Rf8 Ke7 51. Rf5 Ke6 52. Re5+ Kf6 53. Kxc6 f3 54. Re1 f2 55. Rf1 Rf4 56. d5 Ke5 57.
d6 Rf6 58. Kc7 Rxd6 59. Rxf2 Ra6 60. Re2+ Kd5 61. Rd2+ Kc4 62. Kb7 Ra5 63. Kc6 Kxc3 64. Rd7 Rxa4 65. Kb5 Ra1 66. Rc7+ Kb3 67. Rb7 a5 68.
Kc5+ Kc3 69. Kb5 a4 70. Rh7 1-0

[Event "Early-Titled-Tuesday-Blitz-June-18-2024"]
[Site "Chess.com"]
[Date "2024.06.18"]
[Round "3"]
[White "Dexter_Dyke"]
[Black "glucolisis04"]
[Result "0-1"]
[WhiteElo "2486"]
[BlackElo "2295"]
[TimeControl "180+1"]
[EndTime "8:31:04 PDT"]
[Termination "glucolisis04 won on time"]

1. e4 c5 2. Nf3 Nc6 3. d4 cxd4 4.
c3 dxc3 5. Nxc3 e6 6. Bc4 Qc7 7. Qe2 Nf6 8. O-O Ng4 9. g3 Nge5 10. Bb3 a6 11. Bf4 Bd6 12. Nxe5 Bxe5 13. Bxe5 Qxe5 14. f4 Qc5+ 15. Kg2 Nd4 16. Qg4 O-O 17. f5 exf5 18. exf5 Nxb3 19. axb3 d6 20. Rad1 Bd7 21. Kh3 Bc6 22.
f6 g6 23. Kh4 Qe3 24. Qg5 Qxg5+ 25. Kxg5 Rfe8 26. Rxd6 Re5+ 27. Kg4 h5+ 28. Kh4 Rae8 29. Rfd1 Kh7 30. Rd8 g5+ 31. Kh3 Re2 32. Nxe2 Rxe2 33. Rg1 Bf3 34. g4 hxg4+ 35. Rxg4 Bxg4+ 36. Kxg4 Kg6 37. Rg8+ Kxf6 38. Rb8 Re4+ 39. Kf3 Rf4+ 40. Ke3 Rb4 41.
Kd2 Rxb3 42. Kc2 Rh3 43. Rxb7 Rxh2+ 44. Kb1 Rh1+ 45. Ka2 g4 46. Rb6+ Kg5 47. Rxa6 g3 48. Ra8 g2 49. Rg8+ Kf4 50. b4 g1=Q 51. Rf8 Rh2+ 52.
Kb3 Qg3+ 53. Ka4 Rh7 54. Kb5 Qg5+ 55. Kc6 Rh6+ 56. Kd7 Qg6 57. Ke8 Qe6+ 58. Kd8 Qd6+ 59. Ke8 Re6+ 60. Kxf7 Rf6+ 61. Kg7 Qxf8+ 0-1

[Event "Early-Titled-Tuesday-Blitz-June-18-2024"]
[Site "Chess.com"]
[Date "2024.06.18"]
[Round "3"]
[White "Evan_Attaker"]
[Black "Chernov_Alexander_A"]
[Result "1-0"]
[WhiteElo "2694"]
[BlackElo "2293"]
[TimeControl "180+1"]
[EndTime "8:31:05 PDT"]
[Termination "Evan_Attaker won on time"]

1. a3 e5 2. c4 Nf6 3. d3 c6 4.
Nf3 d6 5. Nc3 Be7 6. e3 O-O 7.
Be2 Re8 8. O-O a6 9. b4 Bf8 10. Bb2 d5 11. cxd5 cxd5 12. d4 e4 13. Ne5 Nc6 14.
Nxc6 bxc6 15. Na4 Bd6 16. Rc1 Re6 17. g3 g6 18. Rxc6 h5 19. Nc5 Bxc5 20. Rxe6 Bd6 21. Rxd6 Qxd6 22. Qd2 Kg7 23. Rc1 h4 24. a4 Bg4 25.
Bxg4 Nxg4 26. Qe2 Qe6 27. b5 Rh8 28. Rc6 Qf5 29. h3 Nh2 30. g4 Nf3+ 31. Kg2 Qd7 32. Ba3 axb5 33. axb5 Rb8 34. Bd6 Rb7 35. Bf4 g5 36.
Be5+ Nxe5 37. dxe5 d4 38. Qb2 Qd5 39. Qxd4 Rxb5 40.
Qxd5 Rxd5 41. e6 Re5 42. exf7 Kxf7 43. Ra6 Kg7 44. Kf1 Kf7 45. Ke2 Rd5 46. Ra4 Re5 47. Kd2 Ke6 48. Kc3 Rc5+ 49. Rc4 Rxc4+ 50. Kxc4 Ke5 51.
Kc5 Ke6 52. Kd4 Kd6 53. Kxe4 Ke6 54. f4 Kf6 55. f5 1-0

[Event "Early-Titled-Tuesday-Blitz-June-18-2024"]
[Site "Chess.com"]
[Date "2024.06.18"]
[Round "3"]
[White "GMthekingindian"]
[Black "MasterKroket"]
[Result "0-1"]
[WhiteElo "2364"]
[BlackElo "2546"]
[TimeControl "180+1"]
[EndTime "8:31:06 PDT"]
[Termination "MasterKroket won by checkmate"]

1. e4 e5 2. Nf3 Nc6 3. Bc4 Bc5 4. c3 Nf6 5. d3 a6 6. a4 h6 7. h3 O-O 8. O-O d5 9. exd5 Nxd5 10. Re1 Qd6 11. b4 Bb6 12. a5 Ba7 13. Nbd2 Nf4 14. Ne4 Qg6 15. Bxf4 exf4 16. Nh4 Qh7 17. Qh5 Be6 18.
Bxe6 fxe6 19. Rad1 f3 20. g4 Rae8 21. Ng6 Rf7 22.
d4 Ne7 23. Ne5 g6 24. Qh4 g5 25. Qh5 Nd5 26. Qxf7+ Qxf7 27. Nxf7 Kxf7 28. Nc5 Bxc5 29. dxc5 h5 30. Rd4 hxg4 31. Rxg4 Kf6 32. Kh2 Rh8 33.
Rc1 e5 34. Kg3 Kf5 35. h4 gxh4+ 36. Rxh4 Rxh4 37. Kxh4 e4 38. Kg3 Nf4 39. Rd1 Ne2+ 40. Kh4 Nxc3 41. Rd7 Nb5 42. Kh5 e3 43. fxe3 Ke4 44.
Re7+ Kd3 45. Kg4 f2 46. Rf7 Kxe3 47. Kg3 Kd4 48. Rxf2 Kc4 49. Rf4+ Kb3 50. Kf3 Na3 51. Ke3 Nc2+ 52. Kd3 Nxb4+ 53. Kd4 Nc6+ 54. Kd5 Nxa5 55. Rf7 c6+ 56. Kd6 Kb4 57. Rf4+ Kb5 58. Rf5 Nb3 59. Kc7 Nxc5 60. Rg5 a5 61. Kd6 b6 62. Kc7 a4 63. Rg6 a3 64. Rxc6 a2 65.
Rxb6+ Ka5 66. Kc6 a1=Q 67. Rb5+ Ka4 68. Rxc5 Qf6+ 69. Kb7 Qe7+ 70. Rc7 Qe4+ 71. Kb8 Kb5 72. Rb7+ Kc6 73. Rc7+ Kd6 74. Rb7 Qe5 75. Ka7 Qc3 76.
Kb8 Qc5 77. Ka8 Qa5+ 78. Kb8 Kc6 79. Ra7 Qd8# 0-1

[Event "Early-Titled-Tuesday-Blitz-June-18-2024"]
[Site "Chess.com"]
[Date "2024.06.18"]
[Round "3"]
[White "pospisku"]
[Black "elis06"]
[Result "1-0"]
[WhiteElo "2534"]
[BlackElo "2347"]
[TimeControl "180+1"]
[EndTime "8:31:06 PDT"]
[Termination "pospisku won by checkmate"]

1. d4 d5 2. c4 e6 3. Nc3 Nf6 4. cxd5 exd5 5. Bg5 c6 6. e3 Be7 7. Bd3 Nbd7 8. Nf3 h6 9. Bh4 O-O 10. Qc2 Re8 11. O-O Ne4 12. Bxe4 Bxh4 13. Bh7+ Kh8 14.
Nxh4 Qxh4 15. Bd3 Nf6 16. Ne2 Ng4 17. h3 Nf6 18. Rae1 Bd7 19. b4 Rac8 20. a4 Ne4 21. f3 Ng5 22. Nc1 Qg3 23. Kh1 b6 24. Nb3 g6 25. Qf2 Qd6 26. Qd2 Kg7 27. e4 dxe4 28.
fxe4 Be6 29. e5 Qd7 30. Bc2 Rcd8 31. h4 Bxb3 32. Bxb3 Ne6 33. Qf2 Re7 34. Re4 h5 35. g3 Rf8 36. Kh2 Nc7 37. Qf6+ Kg8 38. g4 Nd5 39. Bxd5 cxd5 40. Ref4 hxg4 41. h5 Re6 42. Qg5 Qxa4 43. Rf6 Qc2+ 44. R1f2 Qe4 45. Rxe6 fxe6 46. Rxf8+ Kxf8 47. Qf6+ Kg8 48. Qxe6+ Kh7 49. Qxg6+ Qxg6 50. hxg6+ Kxg6 51. Kg3 Kf5 52. b5 Kg5 53. Kf2 Kf5 54.
Ke3 Kg5 55. Kf2 Kf4 56. Kg2 Kf5 57. Kg3 Kg5 58. e6 Kf6 59. Kxg4 Kxe6 60. Kg5 Kd6 61. Kf5 a6 62. bxa6 Kc7 63. Ke5 b5 64. Kxd5 Kb6 65. a7 Kxa7 66. Kc5 Ka6 67. d5 b4 68. d6 b3 69. d7 b2 70. d8=Q b1=Q 71. Qa8# 1-0

[Event "Early-Titled-Tuesday-Blitz-June-18-2024"]
[Site "Chess.com"]
[Date "2024.06.18"]
[Round "3"]
[White "Xavier_mompel"]
[Black "Alphafischer2019"]
[Result "0-1"]
[WhiteElo "2435"]
[BlackElo "2637"]
[TimeControl "180+1"]
[EndTime "8:31:09 PDT"]
[Termination "Alphafischer2019 won by resignation"]

1. e4 c5 2. Nf3 Nc6 3. d4 cxd4 4.
Nxd4 g6 5. Nc3 Bg7 6. Be3 Nf6 7.
Bc4 O-O 8. Bb3 Re8 9. f3 e6 10. f4 d6 11. O-O Qe7 12. Qf3 Bd7 13. Rad1 Nxd4 14. Rxd4 Bc6 15. Qe2 Red8 16. Rfd1 h5 17. h3 h4 18. Qd2 Qf8 19. Rxd6 Rxd6 20. Qxd6 Nxe4 21. Nxe4 Bxe4 22. Qxf8+ Rxf8 23. c3 a6 24. Bd4 Bc6 25. Kf2 Rc8 26. Bxg7 Kxg7 27. Rd4 Kf6 28.
Bc2 Bd5 29. a3 b5 30. Bd1 a5 31. Bf3 Bb3 32. Bb7 Rc7 33. Bf3 Kf5 34. Bg4+ Kf6 35.
Bf3 Ba2 36. Rd6 b4 37. axb4 axb4 38. cxb4 Rc2+ 39. Ke3 Rxb2 40. Rb6 Bb1 41. b5 Ba2 42.
Rb7 Rb3+ 43. Kf2 Rb2+ 44. Ke3 Bc4 45. b6 Rb3+ 46. Kf2 g5 47. fxg5+ Kxg5 48. Rxf7 Rxb6 49. Rg7+ Kf6 50. Rg4 Rb2+ 51. Ke3 Rb3+ 52. Kd4 Bd3 53. Rxh4 e5+ 54. Kc5 Bf5 55. Rh6+ Kg5 56. Rh5+ Kf4 57. Rh4+ Kg3 58. Kd5 Kxh4 59. Kxe5 Rb5+ 60. Kf4 Ra5 61.
g4 Bh7 62. Bg2 Ra4+ 63. Ke3 Ra2 64. Bf1 Kg3 65. g5 Kh4 66. Bc4 Ra3+ 67. Kf4 Ra4 68. Ke5 Rxc4 69. Kf6 Rc3 70. Kg7 Kxg5 71. Kxh7 Rf3 72.
Kg7 Kh4 0-1

[Event "Early-Titled-Tuesday-Blitz-June-18-2024"]
[Site "Chess.com"]
[Date "2024.06.18"]
[Round "3"]
[White "artin10862"]
[Black "Hsper248"]
[Result "1-0"]
[WhiteElo "2934"]
[BlackElo "2715"]
[TimeControl "180+1"]
[EndTime "8:31:13 PDT"]
[Termination "artin10862 won by resignation"]

1. e4 c5 2. Na3 Nc6 3. Bb5 Nf6 4. d3 Nd4 5. Bc4 e6 6. c3 d5 7. cxd4 dxc4 8. Nxc4 cxd4 9. Nf3 Be7 10. Qa4+ Bd7 11.
Qb3 Bc6 12. Nce5 O-O 13. Nxc6 bxc6 14. O-O a5 15. Qc2 c5 16. a4 Nd7 17. Bf4 Qb6 18. Nd2 e5 19. Nc4 Qe6 20. Bd2 Bd8 21. Ra3 Bc7 22. Rb3 Ra7 23. Rb5 Rfa8 24. Rc1 g6 25. Qb3 Kg7 26. Rb7 Qc6 27. Rb5 Qe6 28. Re1 Qe7 29.
Qd1 Nb8 30. Qf3 Nc6 31. Rc1 Nb4 32. b3 Ra6 33. Na3 Bd6 34. Qe2 R6a7 35. Nc4 Bc7 36. g3 h5 37. h4 Qe6 38. Kg2 Qe7 39. Bg5 f6 40. Bd2 Bd8 41. Nb2 Rc8 42. Bxb4 axb4 43.
Rxb4 Ba5 44. Rb5 Bc3 45. Nd1 Ba5 46. Qc2 Rcc7 47. Qc4 Bb4 48. Rb8 Qf7 49. Nb2 Rab7 50. Rxb7 Rxb7 51. Qxf7+ Kxf7 52. Nc4 Ke6 53. Rb1 Bc3 54.
Kf1 f5 55. Ke2 fxe4 56. dxe4 Rf7 57. f3 Bb4 58. Rf1 Rb7 59. Kd3 Bc3 60. Kc2 Bb4 61.
f4 exf4 62. Rxf4 Rd7 63. e5 d3+ 64. Kd1 d2 65. Rf6+ Ke7 66. Rd6 Rb7 67. Rd3 Ke6 68.
Nxd2 Bxd2 69. Kxd2 Kxe5 70. Kc3 Ke4 71. Rd6 Rc7 72.
Rxg6 Kf3 73. Rg5 c4 74. b4 1-0

[Event "Early-Titled-Tuesday-Blitz-June-18-2024"]
[Site "Chess.com"]
[Date "2024.06.18"]
[Round "3"]
[White "FGHSMN"]
[Black "GelmanAlexander"]
[Result "1-0"]
[WhiteElo "2916"]
[BlackElo "2656"]
[TimeControl "180+1"]
[EndTime "8:31:13 PDT"]
[Termination "FGHSMN won by resignation"]

1. e4 c5 2. Nf3 e6 3. Nc3 a6 4. d4 cxd4 5. Nxd4 d6 6. Be2 Nf6 7. a4 Be7 8. O-O Qc7 9. Be3 Nbd7 10. a5 O-O 11. Nb3 b5 12. axb6 Nxb6 13. Qd4 Nfd7 14.
Rfd1 Rd8 15. f3 h6 16. Kh1 Bb7 17. Na5 Bc8 18. Qd2 Ne5 19. Bd4 Rb8 20. b3 Ned7 21.
Qe1 Bf6 22. Qf2 Bxd4 23. Qxd4 Nf6 24. Nc4 d5 25. e5 Nfd7 26. Nxb6 Rxb6 27. f4 Rc6 28. Rd3 Bb7 29. Bd1 Nc5 30. Re3 Ne4 31. Ne2 Nf2+ 32. Kg1 Nxd1 33. Rxd1 Rxc2 34. Qd3 d4 35.
Rg3 Rb2 36. h4 Qc2 37. Qxc2 Rxc2 38. Rxd4 Rdc8 39. Re3 Bd5 40. b4 Rb2 41. g4 Rcc2 42. Kf2 Bc4 43. Rde4 Bb5 44. f5 Kf8 45. f6 g6 46. g5 hxg5 47. hxg5 Ke8 48. Ke1 Kd7 49. Rd4+ Kc6 50. Nc3 Rc1+ 51. Nd1 Rh2 52. Rc3+ Rxc3 53. Nxc3 Rg2 54. Ne4 Rg4 55. Kd2 Rg2+ 56. Ke3 Re2+ 57.
Kf3 Rb2 58. Nd6 Rb3+ 59. Kf4 a5 60. bxa5 Rb1 61. Nxf7 Rf1+ 62. Ke3 Re1+ 63. Kf2 Rf1+ 64. Kg2 Rf5 65. Rd6+ Kc5 66. Nd8 Rxg5+ 67. Kh2 Rh5+ 68. Kg3 Rg5+ 69. Kf4 Rf5+ 70. Ke4 g5 71. Nxe6+ Kb4 72. Kxf5 1-0

[Event "Early-Titled-Tuesday-Blitz-June-18-2024"]
[Site "Chess.com"]
[Date "2024.06.18"]
[Round "3"]
[White "Milop27"]
[Black "ManMish2"]
[Result "0-1"]
[WhiteElo "2439"]
[BlackElo "2644"]
[TimeControl "180+1"]
[EndTime "8:31:14 PDT"]
[Termination "ManMish2 won on time"]

1. e4 e5 2. Nf3 Nc6 3. Bb5 a6 4. Ba4 Nf6 5. d3 Bc5 6. O-O b5 7. Bb3 d6 8. c3 O-O 9. Nbd2 Bb6 10. Re1 Ne7 11. Nf1 Ng6 12. Be3 c5 13. h3 Be6 14.
Bc2 d5 15. Ng3 d4 16. Bg5 h6 17. Bc1 Rc8 18. cxd4 cxd4 19. Bd2 a5 20. Rc1 a4 21. a3 Ba5 22. Bb1 Rxc1 23. Qxc1 Qb6 24. Bb4 Bxb4 25.
axb4 Rc8 26. Qd2 Qd6 27. Ne2 Nh5 28. Rc1 Rxc1+ 29. Nxc1 Nhf4 30. Ba2 Bxa2 31. Nxa2 Ne7 32. g3 Nxh3+ 33. Kh2 Qe6 34. Nc1 Qg4 35. Ng1 Nxg1 36. Kxg1 Qc8 37. Ne2 Ng6 38. Kg2 h5 39. Qg5 Qg4 40. Qd8+ Kh7 41. Ng1 Nf4+ 42. Kh2 Nxd3 43. f3 Qg6 44. Qd7 Nxb2 45. Qxb5 a3 46. Qa5 Nc4 47.
Qa4 Ne3 48. b5 Nf1+ 49. Kg2 Nxg3 50. Qxa3 Nxe4+ 51. Kf1 Nd2+ 52. Ke2 Nc4 53. Qc1 Qg2+ 54. Kd3 Nd6 55. b6 h4 56. Qc7 Qf1+ 57. Kd2 Nc4+ 58. Kc2 d3+ 59. Kc3 Qc1+ 60. Kb4 d2 61. Qxf7 Qb2+ 62.
Kc5 Qxb6+ 63. Kxc4 Qc6+ 64. Kb4 d1=Q 65. Qf5+ Qg6 0-1

[Event "Early-Titled-Tuesday-Blitz-June-18-2024"]
[Site "Chess.com"]
[Date "2024.06.18"]
[Round "3"]
[White "CMButgood"]
[Black "mostafa_sakha"]
[Result "0-1"]
[WhiteElo "1994"]
[BlackElo "2378"]
[TimeControl "180+1"]
[EndTime "8:31:14 PDT"]
[Termination "mostafa_sakha won on time"]

1. e4 e5 2. Nf3 Nc6 3. Bb5 a6 4. Ba4 Nf6 5. O-O Be7 6. Re1 b5 7. Bb3 d6 8. c3 O-O 9. h3 Na5 10. Bc2 c5 11. d4 Qc7 12. Nbd2 Bd7 13. Nf1 Nc4 14. b3 Nb6 15. Bb2 Rfe8 16. Ng3 Bf8 17. Rc1 a5 18. Qd2 a4 19. Bb1 axb3 20. axb3 c4 21.
b4 h6 22. Bc2 Bc6 23. d5 Bd7 24. Ra1 Rxa1 25. Rxa1 Ra8 26. Qe1 Qc8 27. Qb1 Ra6 28.
Rxa6 Qxa6 29. Qa1 Qxa1+ 30. Bxa1 Be7 31. Bb2 Bd8 32. Bc1 Nc8 33. Be3 Bb6 34. Bxb6 Nxb6 35. Nd2 g6 36. Ne2 Nh5 37. f3 Kg7 38. Kf2 f5 39. g4 fxg4 40. hxg4 Nf4 41. Nxf4 exf4 42. Nb1 Kf6 43. Na3 Ke5 44. Kg2 Nc8 45. Kf2 Ne7 46.
Kg2 Kf6 47. Kh2 h5 48. gxh5 gxh5 49. Bd1 Ng6 50. Be2 Ne5 51. Nc2 Nd3 52. Nd4 Nc1 53. Bf1 Na2 54. Ne2 Ke5 55. Bh3 Be8 56. Bc8 Nxc3 57.
Nxc3 Kd4 58. Ne2+ Ke3 59. Nc3 Kd3 60. Na2 c3 61. Nxc3 Kxc3 62. e5 dxe5 63. d6 Kxb4 64.
d7 Bxd7 65. Bxd7 Kc4 66. Kg2 b4 67. Kh3 b3 68. Kh4 b2 69. Bf5 Kc3 70. Kxh5 Kd2 71.
Kg6 Ke3 0-1

[Event "Early-Titled-Tuesday-Blitz-June-18-2024"]
[Site "Chess.com"]
[Date "2024.06.18"]
[Round "3"]
[White "topce"]
[Black "Abund"]
[Result "1/2-1/2"]
[WhiteElo "2506"]
[BlackElo "2727"]
[TimeControl "180+1"]
[EndTime "8:31:15 PDT"]
[Termination "Game drawn by repetition"]

1. c4 e6 2. Nc3 d5 3. d4 Be7 4. cxd5 exd5 5. Bf4 c6 6. e3 Bf5 7. g4 Bg6 8. h3 Nd7 9. Nf3 Ngf6 10. Bg2 Ne4 11.
O-O h5 12. Ne5 Nxe5 13. Bxe5 hxg4 14. hxg4 Bd6 15. Nxe4 Bxe4 16. f3 Bg6 17. Qe1 f6 18.
Bf4 Qc7 19. Qg3 O-O-O 20. Rac1 Bxf4 21. Qxf4 Qxf4 22. exf4 Rde8 23. f5 Bf7 24. Rfe1 Kd7 25.
Kf2 Kd6 26. b4 Kc7 27. f4 Kb6 28. a3 Rxe1 29. Kxe1 Rh4 30. Bf3 Rh2 31. Rc3 Be8 32. Re3 Rh3 33. Kf2 Bd7 34. Kg2 Rh7 35. Re7 Kc7 36.
g5 Kd8 37. g6 Rh6 38. Rxg7 Bxf5 39. Rg8+ Ke7 40. g7 Be6 41. Rb8 Rg6+ 42. Kf2 b5 43.
Rb7+ Kd6 44. Rxa7 Bd7 45. f5 Rxg7 46. Ke3 Rg5 47. Kf4 Rxf5+ 48. Ke3 Rg5 49. Be2 Rg3+ 50. Bf3 Bg4 51. Kf4 Rxf3+ 52. Kxg4 Rd3 53. Kf5 Rxd4 54. Rf7 Rd3 55. Rxf6+ Kc7 56. Ke5 Rxa3 57. Rf7+ Kb6 58. Kd6 Rh3 59. Rf6 Rb3 60. Rf8 Kb7 61. Kc5 Rc3+ 62.
Kd6 Rc4 63. Rf7+ Kb6 64. Rc7 d4 65. Rc8 Kb7 66. Kd7 d3 67. Rc7+ Kb6 68. Rc8 d2 69. Rb8+ Ka7 70. Kc7 Rxb4 71. Rb7+ Ka6 72. Rb8 Ka7 73. Rb7+ Ka6 74. Rb8 Ka7 1/2-1/2

[Event "Early-Titled-Tuesday-Blitz-June-18-2024"]
[Site "Chess.com"]
[Date "2024.06.18"]
[Round "3"]
[White "HansOnTwitch"]
[Black "Rodalquilar"]
[Result "1-0"]
[WhiteElo "3165"]
[BlackElo "2793"]
[TimeControl "180+1"]
[EndTime "8:31:16 PDT"]
[Termination "HansOnTwitch won on time"]

1. e4 d5 2. exd5 Qxd5 3. Nc3 Qa5 4. d4 Nf6 5. Bc4 Bg4 6. Nf3 Nc6 7. Bb5 O-O-O 8. Bxc6 bxc6 9. Bd2 Qh5 10. Qe2 Bxf3 11.
gxf3 Kb7 12. O-O-O e6 13. Rhg1 h6 14. Qc4 Qa5 15.
a3 Qa6 16. Qxa6+ Kxa6 17. Bf4 Kb7 18. Ne4 Nxe4 19. fxe4 g6 20. Rg3 Bd6 21. Rb3+ Kc8 22. e5 Be7 23. c4 Rd7 24. Kc2 Rhd8 25. Rbd3 Bg5 26. Bg3 f5 27. f3 Re8 28. f4 Be7 29. d5 cxd5 30. cxd5 Rxd5 31. Rxd5 exd5 32. Rxd5 Rd8 33. Ra5 Kb7 34. Bf2 a6 35. Ra4 Rd5 36. Rc4 g5 37. Be3 gxf4 38. Bxf4 Bg5 39. Bg3 f4 40.
Bxf4 Bxf4 41. Rxf4 Rxe5 42. Rh4 h5 43. Kd3 a5 44. a4 Kb6 45. Kd4 Rg5 46. b3 c6 47.
Rh3 Rd5+ 48. Kc4 Rc5+ 49. Kd4 Rd5+ 50. Kc3 Rc5+ 51. Kb2 Rd5 52. Rh4 Rd2+ 53. Kc3 Rd5 54. b4 Rf5 55. Kc4 axb4 56. Kxb4 c5+ 57. Kb3 Ka5 58.
Re4 Rf2 59. h4 Rf5 60. Kc3 Kb6 61. Kc4 Ka5 62. Re8 Rf4+ 63. Kxc5 Rf5+ 64. Kd6 Kxa4 65.
Re5 Rf4 66. Rxh5 Kb4 67. Rh8 Kc4 68. h5 Rg4 69. Ke5 Rh4 70. h6 Rh1 71. h7 Re1+ 72.
Kf4 Rf1+ 73. Kg3 Rg1+ 74. Kf2 Rh1 75. Rc8+ 1-0

[Event "Early-Titled-Tuesday-Blitz-June-18-2024"]
[Site "Chess.com"]
[Date "2024.06.18"]
[Round "3"]
[White "Chaubunagungamaug1"]
[Black "jguerramzllo"]
[Result "1/2-1/2"]
[WhiteElo "2476"]
[BlackElo "2664"]
[TimeControl "180+1"]
[EndTime "8:31:16 PDT"]
[Termination "Game drawn by repetition"]

1. d4 Nf6 2. c4 g6 3. Nc3 Bg7 4. Nf3 O-O 5. Bg5 c6 6. e3 d6 7. Be2 Qc7 8. O-O a5 9. Qc2 Na6 10. a3 Bf5 11. Qd2 h6 12. Bxf6 Bxf6 13. e4 Bg4 14.
Qxh6 Bxf3 15. Bxf3 Bxd4 16. h4 Bg7 17. Qe3 e5 18. h5 Nc5 19. Bg4 Nb3 20. hxg6 Nxa1 21. Qh3 fxg6 22. Be6+ Rf7 23. Rxa1 Re8 24. b4 Qe7 25.
Bxf7+ Qxf7 26. Qd3 Rf8 27. Ra2 axb4 28. axb4 b5 29.
cxb5 cxb5 30. Qxb5 Qc7 31. Qd5+ Kh7 32. Qd3 Qf7 33. Rb2 Bh6 34. b5 Bc1 35. Rc2 Ba3 36.
Na4 Bc5 37. Nxc5 dxc5 38. b6 Qb7 39. Qb5 Rf6 40. Rb2 Rc6 41. Qxc6 Qxc6 42. b7 Qd6 43. g3 Qb8 44. f4 c4 45. fxe5 c3 46. Rc2 Qxb7 47. Rxc3 Qxe4 48. Kf2 Qxe5 49. Re3 Qd4 50.
Kf3 Kh6 51. Re4 Qd3+ 52. Re3 Qf1+ 53. Ke4 Qf5+ 54. Kd4 g5 55. Re4 g4 56. Rf4 Qg5 57.
Ke4 Kg6 58. Ke3 Qe7+ 59. Kf2 Kg5 60. Kg2 Qc5 61. Rf2 Qc6+ 62. Kh2 Qe4 63. Rf4 Qe2+ 64. Kg1 Qe3+ 65. Kg2 Qe2+ 66. Rf2 Qe4+ 67. Kg1 Qe3 68. Kg2 Qd4 69. Rf4 Qd5+ 70. Kg1 Qa2 71. Rf2 Qd5 72. Rf4 Qc5+ 73. Rf2 Qc6 74. Rf4 Qb6+ 75. Rf2 Qb7 76. Rf4 Qa7+ 77. Rf2 Qa8 78. Rf4 Qd5 79. Rf2 Qd1+ 80. Kg2 Qd4 81. Rf4 Qe3 82. Rf2 Qe4+ 83. Kg1 Qd4 84. Kg2 Qe4+ 1/2-1/2

[Event "Early-Titled-Tuesday-Blitz-June-18-2024"]
[Site "Chess.com"]
[Date "2024.06.18"]
[Round "3"]
[White "zverr1"]
[Black "Sanan_Sjugirov"]
[Result "0-1"]
[WhiteElo "2541"]
[BlackElo "2945"]
[TimeControl "180+1"]
[EndTime "8:31:19 PDT"]
[Termination "Sanan_Sjugirov won by resignation"]

1. d4 Nf6 2. c4 e6 3. Nf3 Bb4+ 4. Bd2 Qe7 5. g3 Nc6 6. Bg2 Bxd2+ 7. Nbxd2 d6 8. Nb1 e5 9. Nc3 O-O 10. O-O Bg4 11. dxe5 dxe5 12. Nd5 Nxd5 13. cxd5 Bxf3 14. exf3 Nd4 15. f4 Qf6 16. fxe5 Qxe5 17. Re1 Qf6 18. Rc1 Rac8 19. Qd3 a6 20. Red1 Nb5 21. a4 Nd6 22. b4 Qh6 23. Rc5 Rfe8 24. h4 Re7 25.
Rdc1 f5 26. Qc2 Qf6 27. Qc3 Qf7 28. Qd4 Rce8 29. Qf4 Re1+ 30. Kh2 Rxc1 31. Rxc1 h6 32. Rc3 Re7 33. Re3 Qf6 34. Rxe7 Qxe7 35. Qd4 Kf7 36. Bf3 Qe1 37. Kg2 b6 38. Bh5+ Kf8 39. Bf3 a5 40. bxa5 Qxa5 41. Bh5 Qe1 42. Bf3 Qe7 43.
Qf4 Kg8 44. h5 Qf6 45. Qd2 Qe5 46. a5 bxa5 47. Qxa5 Qe7 48. Qc5 Kf7 49. Qc6 Kf6 50.
Qc3+ Kf7 51. Qc6 Kf8 52. Qc3 Nf7 53. Qc6 Ne5 54. Qa8+ Kf7 55. d6 Qxd6 56. Bd5+ Kf6 57. Qg8 c6 58. Bb3 Qe7 59. f4 Ng4 60. Kh3 Nf2+ 61.
Kh4 Ne4 62. Be6 Qxe6 63. Qf8+ Qf7 64. Qd8+ Qe7 65. Qd4+ Kf7+ 66. Kh3 Nf6 67. Qc4+ Qe6 68. Qa6 Qd5 69. Qb7+ Kg8 70. Qc8+ Kh7 71. Kh2 Ng4+ 72. Kg1 Qd1+ 73. Kg2 Qe2+ 74. Kg1 Qf2+ 0-1

[Event "Early-Titled-Tuesday-Blitz-June-18-2024"]
[Site "Chess.com"]
[Date "2024.06.18"]
[Round "3"]
[White "Sic_Transit_GM"]
[Black "VirtualCoach"]
[Result "1/2-1/2"]
[WhiteElo "2585"]
[BlackElo "2359"]
[TimeControl "180+1"]
[EndTime "8:31:20 PDT"]
[Termination "Game drawn by repetition"]

1. Nf3 c5 2. c4 Nc6 3. Nc3 Nf6 4. d3 e6 5. g3 b6 6. Bg2 Bb7 7. O-O Nd4 8. b3 Nxf3+ 9. exf3 Be7 10. Bb2 O-O 11. d4 cxd4 12. Qxd4 Bc5 13. Qd2 a6 14. Rad1 Bc6 15. Ne4 Be7 16. Rfe1 Nxe4 17. fxe4 Qb8 18. e5 Bxg2 19. Kxg2 Rd8 20. Bd4 Qb7+ 21. f3 d6 22. Qe3 Rab8 23. exd6 Bxd6 24. Bc3 Bf8 25.
Rd2 Rxd2+ 26. Qxd2 b5 27. cxb5 axb5 28. Rd1 Ra8 29. Qb2 Qa6 30. Rd2 Rc8 31. Be5 f6 32.
Bf4 Qb6 33. Re2 e5 34. Be3 Qc6 35. Rd2 Kh8 36. a3 g6 37. Kf2 Qc3 38. Qa2 Ra8 39.
Qc2 Qxc2 40. Rxc2 Rxa3 41. Rc3 Ra2+ 42. Kg1 Bb4 43. Rd3 Re2 44. Bf2 Kg7 45. Rd7+ Kh6 46.
Rd5 Rb2 47. Rxb5 Rxb3 48. Kg2 Rb2 49. Rb7 Bc3 50. Rxb2 Bxb2 51. Be3+ g5 52. f4 Kg6 53.
fxg5 fxg5 54. Kf3 Kf5 55. g4+ Kf6 56. Ke4 h6 57. h3 Ke6 58. Bd2 Bd4 59. Bc1 Bf2 60.
Ba3 Kf6 61. Bd6 Bd4 62. Bf8 Kg6 63. Bd6 h5 64. Bxe5 Bf2 65. Bd6 Bh4 66. Be5 Be1 67. Bd4 Bd2 68. Bf2 Bf4 69. Bd4 hxg4 70. hxg4 Bg3 71.
Kd5 Bf4 72. Ke6 Bd2 73. Be5 Bf4 74. Bd4 Bd2 75. Be5 Bf4 76. Bd4 1/2-1/2

[Event "Early-Titled-Tuesday-Blitz-June-18-2024"]
[Site "Chess.com"]
[Date "2024.06.18"]
[Round "3"]
[White "TitarovVasiliYouTube"]
[Black "cochess777"]
[Result "1-0"]
[WhiteElo "2589"]
[BlackElo "2326"]
[TimeControl "180+1"]
[EndTime "8:31:20 PDT"]
[Termination "TitarovVasiliYouTube won by resignation"]

1. a3 e5 2. e3 d5 3. c4 c6 4.
cxd5 cxd5 5. d4 e4 6. Nc3 Nc6 7.
Qb3 Nf6 8. Nh3 Bd6 9. Bd2 Ne7 10.
Nf4 Bxf4 11. exf4 O-O 12. Be2 Nf5 13. Be3 h5 14. h3 h4 15. O-O Qb6 16. Qxb6 axb6 17.
Rfc1 Bd7 18. Na2 Rfc8 19. Nb4 Nd6 20. f3 Bb5 21. Bxb5 Nxb5 22. fxe4 dxe4 23. d5 Rd8 24. Bxb6 Rd7 25. Rc5 Nd4 26. Rc4 Ne2+ 27. Kh2 Nxf4 28. Rd1 N4xd5 29. Nxd5 Rxd5 30. Rdc1 Rb5 31. Bd4 Nd5 32.
Rc5 Rxc5 33. Rxc5 Nf4 34. Re5 Ra4 35. b4 Rxa3 36. Rxe4 Nd5 37. Rxh4 Ra4 38. Bc5 b6 39. Bd6 f6 40. Rd4 Ne3 41. Re4 Nd5 42. Rd4 Ne3 43. Bf4 Nc2 44. Rd8+ Kh7 45. Bd2 Ra2 46. Kg3 Na3 47.
Bc3 Nb5 48. Be1 Ra3+ 49. Kh2 Rb3 50. Rb8 Nd4 51. Rxb6 Rb2 52. Bc3 Nf3+ 53. Kg3 Rb3 54. Kxf3 Rxc3+ 55. Ke4 Rb3 56. b5 Rb2 57. g4 Rh2 58.
Rc6 Rxh3 59. b6 Rb3 60. Kd5 Kg6 61. Kc4 Rb1 62. Rd6 Kg5 63. Rd5+ Kg6 64. Rb5 Rc1+ 65.
Kd5 Rc8 66. b7 Rb8 67. Kd6 1-0